Map: Ley Lines

Players

RunningSC

  • Race: Zerg Zerg
  • League: Platinum
  • Spawn Location: 7:00

wootwoot - Winner!

  • Race: Protoss Protoss
  • League: Gold
  • Spawn Location: 1:00

VOD

Have the link to the VOD?

Description

Time

  • Played on: April 1, 2025, 7:03 p.m.
  • Length: 4:53
Show
View Real Time Build Order
Export as new Build Order

RunningSC Zerg 

Build Orders: Pool Only, Ravager All-In 

Get SALT Encoding   

  12  0:01  Drone  
  13  0:08  Drone  
  14  0:30  Spawning Pool, Extractor  
  14  0:31  Drone  
  13  0:39  Drone  
  14  0:55  Overlord  
  14  1:19  Zergling x4  
  14  1:20  Roach Warren  
  14  1:24  Queen  
  17  1:56  Extractor  
  17  2:00  Roach x3  
  22  2:45  Overlord  
  22  2:46  Overlord  
  22  3:04  Ravager x3  
  25  3:06  Roach x2  
  25  3:07  Roach  
  30  3:34  Drone x2  
  30  3:35  Roach  
  30  3:36  Drone  
  32  3:52  Roach x2  
  33  4:03  Ravager  
  33  4:04  Ravager  
  31  4:17  Spine Crawler  
  31  4:18  Spine Crawler  
  24  4:36  Ravager  
  24  4:38  Ravager  
  26  4:39  Drone  
Show
View Real Time Build Order
Export as new Build Order

wootwoot Protoss - Winner!

Build Orders:  

Get SALT Encoding   

  12  0:00  Probe  
  13  0:12  Probe  
  14  0:19  Pylon  
  14  0:24  Probe  
  15  0:34  Probe  
  15  0:42  Probe  
  16  0:43  Gateway  
  16  0:49  Assimilator  
  17  0:51  Probe  
  18  1:04  Gateway  
  18  1:10  Probe  
  19  1:17  Pylon  
  19  1:21  Zealot  
  19  1:32  Cybernetics Core  
  21  1:37  Probe  
  22  1:48  Zealot  
  22  1:49  Warp Gate, Probe  
  22  1:52  Zealot  
  27  2:06  Pylon  
  27  2:25  Gateway  
  27  2:27  Gateway  
  27  2:39  Adept x2  
  31  2:45  Pylon  
  31  2:50  Probe  
  32  2:52  Assimilator  
  32  3:02  Probe  
  33  3:37  Stalker  
  33  3:38  Stalker x3  
  41  4:01  Stalker x3  
  47  4:04  Pylon  
  47  4:07  Pylon  
  47  4:29  Sentry x2  
  47  4:30  Zealot x2  
Tags
 
Matchup
PvZ
Opening
Pool Only
Replay Pack
B2M-Replays
Spawn Locations
Cross Positions
Add a new tag
Caveats
  • Supply blocks, unpowered buildings, or Contaminate may cause inaccurate times.
  • Supply counts are checked every 10 seconds.